 Dungeon Crawl Stone Soup version 0.23-a0-299-g9a66eeb (webtiles) character file.

515064 namelastname112 the Draconian Blade (level 24, -4/205 HPs)
             Began as a Grey Draconian Wanderer on Oct 5, 2018.
             Was an Initiate of Gozag.
             Slain by Mennas
             ... wielding a +0 sacred scourge of holy wrath
              (12 damage)
             ... while paralysed
             ... on level 5 of the Depths on Oct 6, 2018.
             The game lasted 02:24:43 (68652 turns).

namelastname112 the Draconian Blade (DrWn)         Turns: 68652, Time: 02:24:44

Health: -4/205     AC: 32    Str: 27    XL:     24   Next: 45%
Magic:  44/44      EV:  2    Int: 24    God:    Gozag
Gold:   1724       SH:  0    Dex: 21    Spells: 21/23 levels left

rFire    + + .     SeeInvis .   F - +9 demon blade (elec)
rCold    + + +     Gourm    .   c - +0 shield
rNeg     . . .     Faith    .   (armour unavailable)
rPois    +         Spirit   .   O - +4 hat of Protective Custody {rElec rC+}
rElec    +         Reflect  .   P - scarf {rC+ rF+}
rCorr    .         Harm     .   k - +2 pair of gloves "Fekly" {rPois}
MR       ++...                  W - +2 pair of boots of Qeme {rC+ Str+4}
Stlth    ++........             x - amulet of Uskayaw's Whim {RegenMP rPois MR+}
HPRegen  0.44/turn              u - +5 ring of protection
MPRegen  0.54/turn              J - ring of Ykhlamio {rF+ MP+9 Int+3}

@: paralysed, mighty, brilliant, agile, berserk cooldown, flying, hasted and
slowed, glowing, silenced, drained
A: walk through water, unfitting armour, frail 1, unbreathing, cold-blooded, AC
+17
}: 2/15 runes: barnacled, gossamer
a: Renounce Religion


You were on level 5 of the Depths.
You worshipped Gozag.
Gozag was most pleased with you.
You were not hungry.

You visited 8 branches of the dungeon, and saw 43 of its levels.
You also visited: Labyrinth, Trove, Ice Cave and Wizlab.

You collected 23784 gold pieces.
You spent 4988 gold pieces at shops.
You paid 17072 gold pieces to Gozag.

Inventory:

Hand Weapons
 F - a +9 demon blade of electrocution (weapon)
Missiles
 Q - 5 throwing nets (quivered)
Armour
 c - a +0 shield (worn)
 k - the +2 pair of gloves "Fekly" (worn) {rPois}
   (You found it in a treasure trove)

   It protects you from poison.
 K - the +0 large shield of Responsibility {MR+ Str+3 SInv}
   (You found it in a treasure trove)

   It affects your strength (+3).
   It affects your resistance to hostile enchantments.
   It lets you see invisible.
 O - the +4 hat of Protective Custody (worn) {rElec rC+}
   (You found it on level 11 of the Dungeon)

   It protects you from cold.
   It insulates you from electricity.
 P - a scarf of resistance (worn)
 S - the -2 hat of the Alchemist {rElec rPois rF+ rC+ rN+ MR+ rMut rCorr}
   (You acquired it on level 2 of the Vaults)

   It protects you from fire.
   It protects you from cold.
   It insulates you from electricity.
   It protects you from poison.
   It protects you from negative energy.
   It affects your resistance to hostile enchantments.
   It provides partial protection from all sources of acid and corrosion.
   It protects you from mutation.
 W - the +2 pair of boots of Qeme (worn) {rC+ Str+4}
   (You bought it in a shop on level 1 of the Lair of Beasts)

   It affects your strength (+4).
   It protects you from cold.
Jewellery
 j - the amulet "Ganerar" {Acrobat rPois rN+ Dex+4}
   (You found it on level 11 of the Dungeon)

   [amulet of the acrobat]

   It helps you evade while moving and waiting.
   It affects your dexterity (+4).
   It protects you from poison.
   It protects you from negative energy.
 u - a +5 ring of protection (left hand)
 x - the amulet of Uskayaw's Whim (around neck) {RegenMP rPois MR+}
   (You found it on level 3 of the Spider Nest)

   [amulet of magic regeneration]

   It increases your magic regeneration.
   It protects you from poison.
   It affects your resistance to hostile enchantments.
 J - the ring of Ykhlamio (right hand) {rF+ MP+9 Int+3}
   (You found it on level 3 of the Spider Nest)

   [ring of protection from fire]

   It affects your intelligence (+3).
   It protects you from fire.
   It affects your magic capacity (+9).
Wands
 n - a wand of digging (16)
 r - a wand of acid (15)
 H - a wand of iceblast (32)
 L - a wand of clouds (4)
Scrolls
 a - a scroll of holy word
 b - 2 scrolls of teleportation
 f - 14 scrolls of amnesia
 i - 2 scrolls of blinking
 m - 22 scrolls of remove curse
 y - 6 scrolls of identify
 A - 3 scrolls of summoning
 D - 15 scrolls of enchant armour
 G - 3 scrolls of enchant weapon
 I - a scroll of silence
 N - 4 scrolls of fog
 R - 3 scrolls of fear
 V - 3 scrolls of magic mapping
 Z - 3 scrolls of brand weapon
Potions
 e - 9 potions of flight
 g - 6 potions of curing
 h - 7 potions of mutation
 p - 8 potions of brilliance
 q - 6 potions of ambrosia
 s - 2 potions of resistance
 t - 10 potions of haste
 v - 4 potions of cancellation
 B - 5 potions of might
 C - 2 potions of berserk rage
 E - 2 potions of magic
 U - 3 potions of invisibility
 Y - 4 potions of agility
Miscellaneous
 o - a phial of floods
 w - 2 phantom mirrors
 M - a lightning rod (4/4)
 T - a lamp of fire
 X - a fan of gales
Comestibles
 d - 12 rations


   Skills:
 + Level 21.3(21.2) Fighting
 + Level 21.3 Long Blades
   Level 9.8 Axes
 + Level 18.3 Dodging
 - Level 1.7 Stealth
 + Level 14.1 Shields
 + Level 17.0 Evocations


You had 21 spell levels left.
You knew the following spells:

 Your Spells              Type           Power        Failure   Level  Hunger
a - Blink                 Tloc           N/A          3%          2    ###....

Your spell library contained the following spells:

 Spells                   Type           Power        Failure   Level  Hunger
 Animate Skeleton         Necr           N/A          1%          1    ##.....
 Apportation              Tloc           ##....       1%          1    ##.....
 Confusing Touch          Hex            ##....       1%          1    ##.....
 Corona                   Hex            ##.....      1%          1    ##.....
 Flame Tongue             Conj/Fire      ##...        1%          1    ##.....
 Freeze                   Ice            ##..         1%          1    ##.....
 Magic Dart               Conj           ##..         1%          1    ##.....
 Pain                     Necr           ##..         1%          1    ##.....
 Shock                    Conj/Air       ##..         1%          1    ##.....
 Summon Butterflies       Summ           ##......     1%          1    ##.....
 Summon Small Mammal      Summ           ##..         1%          1    ##.....
 Call Imp                 Summ           ##......     3%          2    ###....
 Corpse Rot               Necr           N/A          3%          2    ###....
 Ensorcelled Hibernation  Hex/Ice        ##....       3%          2    ###....
 Shroud of Golubria       Chrm/Tloc      ##........   3%          2    ###....
 Slow                     Hex            ##......     3%          2    ###....
 Sublimation of Blood     Necr           ##........   3%          2    ###....
 Swiftness                Chrm/Air       ##......     3%          2    ###....
 Throw Flame              Conj/Fire      ##....       3%          2    ###....
 Throw Frost              Conj/Ice       ##....       3%          2    ###....
 Call Canine Familiar     Summ           ##......     5%          3    ####...
 Confuse                  Hex            ##......     5%          3    ####...
 Conjure Flame            Conj/Fire      ##......     5%          3    ####...
 Dazzling Spray           Conj/Hex       ##....       5%          3    ####...
 Gell's Gravitas          Tloc           ##........   5%          3    ####...
 Ignite Poison            Fire/Tmut/Pois ##......     5%          3    ####...
 Inner Flame              Hex/Fire       ##......     5%          3    ####...
 Lesser Beckoning         Tloc           ##........   5%          3    ####...
 Mephitic Cloud           Conj/Pois/Air  ##......     5%          3    ####...
 Ozocubu's Armour         Chrm/Ice       ##......     5%          3    ####...
 Regeneration             Chrm/Necr      ##........   5%          3    ####...
 Static Discharge         Conj/Air       ##......     5%          3    ####...
 Stone Arrow              Conj/Erth      ##....       5%          3    ####...
 Summon Guardian Golem    Hex/Summ       ##......     5%          3    ####...
 Teleport Other           Tloc           ##......     5%          3    ####...
 Tukima's Dance           Hex            ##......     5%          3    ####...
 Vampiric Draining        Necr           ##........   5%          3    ####...
 Airstrike                Air            ##........   17%         4    #####..
 Animate Dead             Necr           N/A          17%         4    #####..
 Ice Form                 Ice/Tmut       ##......     17%         4    #####..
 Leda's Liquefaction      Hex/Erth       ##........   17%         4    #####..
 Passage of Golubria      Tloc           N/A          17%         4    #####..
 Sticky Flame             Conj/Fire      ##......     17%         4    #####..
 Summon Ice Beast         Ice/Summ       ##......     17%         4    #####..
 Summon Lightning Spire   Summ/Air       ##......     17%         4    #####..
 Throw Icicle             Conj/Ice       ##......     17%         4    #####..
 Alistair's Intoxication  Tmut/Pois      ##......     38%         5    ######.
 Bolt of Magma            Conj/Fire/Erth ##........   38%         5    ######.
 Borgnjor's Vile Clutch   Necr/Erth      ##........   38%         5    ######.
 Fireball                 Conj/Fire      ##........   38%         5    ######.
 Iskenderun's Battlesphe  Conj/Chrm      ##......     38%         5    ######.
 Lightning Bolt           Conj/Air       ##........   38%         5    ######.
 Metabolic Englaciation   Hex/Ice        ##........   38%         5    ######.
 Silence                  Hex/Air        ##........   38%         5    ######.
 Summon Forest            Summ/Tloc      ##........   38%         5    ######.
 Summon Mana Viper        Hex/Summ       ##......     38%         5    ######.
 Venom Bolt               Conj/Pois      ##........   38%         5    ######.
 Bolt of Cold             Conj/Ice       ##........   87%         6    #######
 Bolt of Fire             Conj/Fire      ##........   87%         6    #######
 Conjure Ball Lightning   Conj/Air       ##........   87%         6    #######
 Darkness                 Hex            ##........   87%         6    #######
 Freezing Cloud           Conj/Ice/Air   ##........   87%         6    #######
 Hydra Form               Tmut           ##........   87%         6    #######
 Invisibility             Hex            ##......     87%         6    #######
 Iron Shot                Conj/Erth      ##........   87%         6    #######
 Ozocubu's Refrigeration  Ice            ##........   87%         6    #######
 Shadow Creatures         Summ           N/A          87%         6    #######
 Simulacrum               Ice/Necr       ##........   87%         6    #######
 Statue Form              Tmut/Erth      ##.......    87%         6    #######
 Orb of Destruction       Conj           ##........   100%        7    #######
 Spellforged Servitor     Conj/Summ      ##........   100%        7    #######
 Summon Hydra             Summ           ##........   100%        7    #######
 Ignition                 Fire           ##........   100%        8    #######
 Shatter                  Erth           ##........   100%        9    #######
 Tornado                  Air            ##........   100%        9    #######


Dungeon Overview and Level Annotations

Branches:
Dungeon (15/15)            Temple (0/1) D:6            Lair (6/6) D:9
 Shoals (4/4) Lair:2       Spider (4/4) Lair:2        Slime (0/5) Lair:6
    Orc (2/2) D:12            Elf (3/3) Orc:2        Vaults (4/5) D:13
  Crypt (0/3) Vaults:3     Depths (5/5) D:15            Zot (0/5) Depths:5

Altars:
Dithmenos
Elyvilon
Fedhas
Gozag
Hepliaklqana
Kikubaaqudgha
Okawaru
Qazlal
Sif Muna
Trog
Uskayaw
Xom
Yredelemnul
Zin
The Shining One
Beogh
Jiyva

Shops:
D:6 (   D:9 %   D:10 *   D:12 (   D:13 %(}   Orc:2 ?%[%   Elf:2 =(=?[
Elf:3 }=}[   Lair:1 ([![   Shoals:2 *   Shoals:4 *   Vaults:2 (**((
Depths:3 ((*

Portals:
Hell: Depths:1 Depths:2 Depths:3 Depths:4 Depths:5
Abyss: Depths:2 Depths:4
Pandemonium: Depths:2 Depths:3
Ziggurat: Depths:5

Annotations:
D:5 exclusion: oklob plant
D:11 5 transporters
Elf:2 3 runed doors
Vaults:1 Lagoy's ghost, adept DgWz
Depths:3 6 runed doors
Depths:4 3 runed doors, Vifoseveff's ghost, veteran GnEE
Depths:5 Mennas


Innate Abilities, Weirdness & Mutations

You can walk through water.
Your dull iron-grey scales are very hard. (AC +17)
You cannot fit into any form of body armour.
You can survive without breathing.
You are cold-blooded and may be slowed by cold attacks.
You are frail. (-10% HP)


Message History

You feel yourself slow down. Mennas hits you but does no damage. x2
The vampire knight hits you but does no damage.
Mennas hits you with a sacred scourge of holy wrath.
Mennas hits you but does no damage.
Mennas becomes audible again.
Mennas gestures frantically.
Mennas's surroundings become eerily quiet.
The vampire knight hits you from afar with an enchanted glaive!!
* * * LOW HITPOINT WARNING * * *
Mennas hits you with a sacred scourge of holy wrath!
* * * LOW HITPOINT WARNING * * *
Mennas hits you but does no damage.
Mennas hits you with a sacred scourge of holy wrath!!
* * * LOW HITPOINT WARNING * * *
Mennas hits you but does no damage.
The vampire knight hits you but does no damage.
Mennas hits you but does no damage.
Mennas hits you with a sacred scourge of holy wrath!
You die...
Your body crumbles into a pile of gold.

.#....8....#...# #... #..#
.####.q.####...# #... #####.###
#..D##'##...#..# #..####...#.#..
.D...........#.# #..#.#.........
#....#..##...## #....#..##...##
#....##........
###################.(#.......∩...
................@AV..####........
....................####..##...##
...<...................#..##...##
.......................#.....)...
........[/.##..........##...#)#..
....................#...#####)###
...≈≈..###............##.)#.....#
...≈≈.................##..###)...
...≈≈..................#......###


You could see Mennas and a vampire knight (invisible).

Vanquished Creatures
  The ghost of Bodden the Tortoise, a veteran HuFi of Hepliaklqana (Vaults:3)
  Nikola (Elf:2)
  Arachne (Spider:2)
  2 tentacled monstrosities
  A Cloud Mage (WizLab)
  The ghost of Nr616 the Warrior, an adept MfGl of Okawaru (Spider:3)
  An Ice Fiend (IceCv)
  The ghost of Xuacer the Cleaver, an adept GnBe of Trog (Spider:3)
  The ghost of Norchuf the Tortoise, an adept MiFi of the Shining One (Vaults:3)
  A titan (Depths:1)
  2 deep elf master archers (Elf:3)
  2 liches
  5 krakens
  2 deep elf blademasters (Elf:3)
  Polyphemus (Shoals:2)
  Kirke (D:13)
  4 shadow dragons
  The ghost of Vuydghur the Devastator, an adept DrCj of Ashenzari (Lair:4)
  3 tengu reavers
  Ilsuiw (Shoals:3)
  A fire giant (shapeshifter) (Vaults:3)
  A daeva (Depths:2)
  Roxanne (D:15)
  6 fire giants
  The ghost of Anypt the Warrior, a journeyman DsGl of Makhleb (Spider:3)
  7 frost giants
  9 vault wardens
  6 deep elf sorcerers
  An orc warlord (Vaults:3)
  5 ghost moths
  The ghost of Qenoimudgh the Unseen, an adept FeMo of Yredelemnul (Vaults:3)
  4 emperor scorpions (Spider:4)
  3 deep elf elementalists (Elf:3)
  Louise (Spider:4)
  A caustic shrike skeleton (D:15)
  9 ironheart preservers
  13 very ugly things
  12 stone giants
  10 deep elf annihilators
  9 entropy weavers
  5 deep elf demonologists
  A lorocyproca (Depths:3)
  8 spark wasps
  6 dire elephants (Lair:6)
  Azrael (Spider:2)
  11 ettins
  6 blizzard demons
  6 merfolk javelineers
  9 merfolk impalers
  12 fire dragons
  4 deep elf death magi
  Fannar (Lair:3)
  6 great orbs of eyes
  5 deep elf high priests
  20 yaktaur captains
  The ghost of feelmyfire the Carver, a journeyman DsSk of Gozag (D:11)
  7 hydras
  9 ice dragons
  A monstrous demonspawn (Depths:3)
  3 rakshasas
  15 vault guards
  6 spriggan air magi
  An anaconda (Lair:6)
  A catoblepas (Shoals:2)
  A merfolk aquamancer (Shoals:4)
  5 ghost crabs
  An alligator snapping turtle (Shoals:4)
  4 merfolk avatars
  4 death yaks (Shoals:2)
  A death knight (D:15)
  Erica (D:8)
  2 satyrs
  4 centaur warriors
  45 two-headed ogres
  2 vampire magi
  6 deep troll earth magi
  6 tengu warriors
  17 ogre magi
  3 orc high priests
  2 spriggan berserkers
  10 deep troll shamans
  2 spriggans (Depths:4)
  14 deep elf knights
  14 hell knights
  3 iron trolls (Depths:1)
  The ghost of TBriggs11TB the Fighter, a novice HuBe of Trog (D:6)
  6 fire crabs (Lair:4)
  A sixfirhy (Depths:2)
  3 unseen horrors
  9 sea snakes
  2 skeletal warriors (D:15)
  24 deep trolls
  A deep troll (shapeshifter) (Elf:2)
  An infernal demonspawn (Depths:2)
  6 ironbrand convokers
  3 death drakes (WizLab)
  2 flayed ghosts
  17 deep elf archers
  5 glowing orange brains
  5 wizards
  2 harpies (shapeshifter)
  2 wolf spider zombies
  11 orc knights
  8 fauns
  4 phantasmal warriors
  25 ugly things
  37 wolf spiders
  15 harpies
  13 orb spiders
  53 deep elf magi
  21 cyclopes
  7 necromancers
  A stone giant zombie (Vaults:3)
  9 manticores
  A tengu skeleton (Vaults:4)
  A salamander (Depths:5)
  5 orc sorcerers
  A guardian serpent (shapeshifter) (Vaults:1)
  2 moths of wrath
  4 black mambas
  A frost giant zombie (D:15)
  A faun (shapeshifter) (Depths:1)
  7 merfolk sirens
  A black mamba (shapeshifter) (Vaults:1)
  A centaur zombie (D:13)
  A fire giant skeleton (Vaults:4)
  A stone giant skeleton (Vaults:4)
  3 torpor snails
  4 apocalypse crabs
  7 vault sentinels
  12 elephants
  2 gargoyles
  3 ice statues (IceCv)
  6 water nymphs
  A storm dragon simulacrum (Vaults:3)
  6 spiny frogs
  A yaktaur zombie (Vaults:4)
  44 yaktaurs
  2 kobold demonologists (D:12)
  3 rime drakes
  3 efreet
  6 komodo dragons
  21 demonic crawlers
  13 ice devils
  A golden dragon simulacrum (IceCv)
  2 anaconda simulacra (IceCv)
  A polar bear (shapeshifter) (Depths:3)
  A yaktaur skeleton (Depths:1)
  3 freezing wraiths
  A polar bear (Lair:2)
  2 trolls
  20 merfolk
  37 jumping spiders
  8 wind drakes
  4 tengu conjurers
  17 blink frogs
  14 hornets
  9 snapping turtles
  42 slime creatures
  An ice dragon zombie (D:15)
  11 dream sheep
  17 hippogriffs
  13 air elementals
  A fire dragon skeleton (Depths:1)
  3 shadows
  2 dire elephant simulacra (IceCv)
  46 tarantellas
  An ettin skeleton (D:15)
  100 redbacks
  29 yaks
  8 water elementals
  A hog (D:13)
  2 hungry ghosts
  2 wyverns
  A yak (shapeshifter) (Depths:4)
  A golden eye (shapeshifter) (Depths:3)
  6 basilisks
  3 neqoxecs
  3 fire elementals (Spider:2)
  6 vampire mosquitoes
  5 wargs
  2 hell hounds (Spider:2)
  An acid dragon (D:12)
  A harpy simulacrum (D:13)
  10 water moccasins
  An iron troll simulacrum (IceCv)
  A floating eye (Depths:2)
  A hornet zombie (D:14)
  4 hydra simulacra (IceCv)
  9 porcupines
  3 black bears
  An ice beast (shapeshifter) (Depths:4)
  2 sky beasts
  46 orc warriors
  An ettin simulacrum (Vaults:1)
  An ice beast (D:10)
  2 phantoms
  A fire dragon simulacrum (Depths:1)
  26 ogres
  3 eyes of draining (shapeshifter)
  A necrophage (D:13)
  14 wolves
  15 centaurs
  12 boggarts
  3 eyes of draining
  13 big kobolds
  10 crocodiles
  Blork the orc (D:6)
  8 bullfrogs
  2 glowing shapeshifter simulacra (Vaults:3)
  3 human skeletons
  3 earth elementals
  A gnoll sergeant (D:9)
  8 scorpions
  2 wyvern skeletons
  A human simulacrum (Vaults:1)
  3 killer bees (D:11)
  9 howler monkeys
  6 electric eels
  A bullfrog zombie (D:13)
  5 hounds
  A quasit (D:12)
  3 crimson imps
  41 orc wizards
  37 orc priests
  3 bullfrog skeletons
  3 iguanas
  7 jellies
  3 centaur skeletons
  Jessica (D:3)
  8 worker ants
  Ijyb (D:3)
  Natasha (thrice) (D:2)
  2 killer bee zombies
  4 hound skeletons
  A worker ant zombie (D:7)
  8 gnolls
  8 adders
  4 shadow imps
  6 oozes
  An adder skeleton (D:5)
  4 worms
  2 dart slugs (D:1)
  6 leopard geckos
  84 orcs
  15 bats
  5 giant cockroaches
  8 goblins
  5 hobgoblins
  7 jackals
  2 quokkas
  A ball python (D:2)
  4 frilled lizards
  21 kobolds
  A leopard gecko skeleton (D:6)
  8 rats
  A fungus (Lair:3)
  3 plants
  16 tentacles
1883 creatures vanquished.

Vanquished Creatures (collateral kills)
  2 orb spiders (Spider:2)
2 creatures vanquished.

Vanquished Creatures (others)
  A spark wasp (WizLab)
  A yaktaur captain (Depths:1)
  19 dancing weapons
  A deep elf knight (Elf:1)
  2 wolf spiders (Spider:3)
  2 yaktaurs (Depths:1)
  3 redbacks (Spider:3)
  A tarantella (Spider:3)
  A boggart (Vaults:1)
  An orc priest (Elf:1)
  2 orc wizards
  6 orcs
  12 fungi
  16 plants
  48 tentacles
  2 withered plants
118 creatures vanquished.

Grand Total: 2003 creatures vanquished

Notes
Turn   | Place    | Note
-------+----------+-------------------------------------------
     0 | D:1      | namelastname112 the Draconian Wanderer began the quest for
                  | the Orb.
     0 | D:1      | namelastname112 set off with: a +2 hand axe, 2 scrolls of
                  | teleportation, a +0 dagger, a ration
     0 | D:1      | Reached XP level 1. HP: 19/19 MP: 1/1
    56 | D:1      | Reached XP level 2. HP: 26/26 MP: 2/2
   150 | D:1      | Reached skill level 1 in Dodging
   502 | D:1      | Malog: шо умеет варпер
   515 | D:1      | Malog: на хую врагов вертеть?
   515 | D:1      | namelastname112: ну у него книга
   515 | D:1      | namelastname112: и свиток блинка
   544 | D:1      | Reached XP level 3. HP: 33/33 MP: 3/3
   901 | D:2      | Found an opulent altar of Gozag.
   901 | D:2      | Noticed Natasha
   909 | D:2      | Killed Natasha
   909 | D:2      | Reached XP level 4. HP: 31/40 MP: 4/4
  1041 | D:2      | Noticed Natasha
  1060 | D:2      | Became a worshipper of Gozag Ym Sagoz the Greedy
  1318 | D:2      | Killed Natasha
  1349 | D:2      | Malog: хуя
  1357 | D:2      | Malog: я размножился
  1529 | D:1      | Malog: опять золотому тельцу продался
  1529 | D:1      | namelastname112: нахуя только
  1541 | D:2      | Reached XP level 5. HP: 24/47 MP: 5/5
  1547 | D:2      | Malog: теневое клонирование
  1880 | D:2      | Noticed Natasha
  1886 | D:2      | Killed Natasha
  2221 | D:3      | Noticed Jessica
  2230 | D:3      | Killed Jessica
  2247 | D:3      | Found a shadowy altar of Dithmenos.
  2264 | D:3      | Noticed Ijyb
  2276 | D:3      | Killed Ijyb
  2276 | D:3      | Reached skill level 5 in Fighting
  2276 | D:3      | Reached XP level 6. HP: 56/56 MP: 6/6
  3544 | D:5      | Entered Level 5 of the Dungeon
  3781 | D:5      | Found a deep blue altar of Sif Muna.
  4453 | D:5      | Found a blossoming altar of Fedhas.
  4464 | D:5      | Noticed an oklob plant
  4603 | D:6      | Noticed Blork the orc
  4619 | D:6      | Killed Blork the orc
  4619 | D:6      | Your scales start taking on a dull iron-grey colour.
  4619 | D:6      | Reached XP level 7. HP: 51/62 MP: 7/7
  4619 | D:6      | Gained mutation: You can survive without breathing. [Grey
                  | Draconian growth]
  4782 | D:6      | Malog: ммм стальной
  4791 | D:6      | Found an iron altar of Okawaru.
  4994 | D:6      | Found a staircase to the Ecumenical Temple.
  5070 | D:6      | Found a hazy altar of Hepliaklqana.
  5210 | D:6      | Reached XP level 8. HP: 70/71 MP: 8/8
  5375 | D:6      | Found a runed gate.
  5375 | D:6      | Found a runed gate.
  5375 | D:6      | Found a runed gate.
  5383 | D:6      | Noticed TBriggs11TB's ghost (novice HuBe)
  5407 | D:6      | Reached skill level 5 in Dodging
  5466 | D:6      | Malog: хуя ты ветками машешь
  5857 | D:6      | namelastname112: интересные ножи у них блять
  5915 | D:6      | Killed TBriggs11TB's ghost
  5915 | D:6      | Reached XP level 9. HP: 30/82 MP: 9/9
  6198 | D:7      | Found a stormy altar of Qazlal.
  7073 | D:7      | Found a bloodstained altar of Trog.
  7673 | D:8      | Found a shadowy altar of Dithmenos.
  7757 | D:8      | Noticed Erica
  7773 | D:8      | Killed Erica
  7967 | D:8      | Reached XP level 10. HP: 92/92 MP: 10/10
  8220 | D:8      | Reached skill level 1 in Long Blades
  8387 | D:8      | Found a glowing silver altar of Zin.
  8821 | D:9      | Found Poiw's Food Shoppe.
  8839 | D:9      | Reached skill level 10 in Fighting
  9175 | D:9      | Found a white marble altar of Elyvilon.
  9410 | D:9      | Found a staircase to the Lair.
  9856 | D:10     | Entered Level 10 of the Dungeon
  9865 | D:10     | Noticed a gargoyle
  9877 | D:10     | Killed a gargoyle
  9881 | D:10     | Reached skill level 5 in Long Blades
 10141 | D:10     | Found Melocoet's Profane Products.
 10141 | D:10     | Found an ancient bone altar of Kikubaaqudgha.
 10156 | D:10     | Bought a +4 demon blade of electrocution for 833 gold
                  | pieces
 10618 | D:11     | Reached XP level 11. HP: 101/101 MP: 11/11
 10691 | D:11     | Found a transporter.
 10758 | D:11     | Killed an unseen horror
 10888 | D:11     | Found a hide-covered altar of Uskayaw.
 10969 | D:11     | Noticed a two-headed ogre
 10973 | D:11     | Killed a two-headed ogre
 11507 | D:11     | Found a runed gate.
 11508 | D:11     | Found a runed gate.
 11509 | D:11     | Found a runed gate.
 11509 | D:11     | Found a roughly hewn altar of Beogh.
 11509 | D:11     | Noticed feelmyfire's ghost (journeyman DsSk)
 11580 | D:11     | Killed feelmyfire's ghost
 11696 | D:11     | Got a warped hat
 11702 | D:11     | Identified the +4 hat of Protective Custody {rElec rC+}
                  | (You found it on level 11 of the Dungeon)
 11916 | D:11     | Found a transporter.
 11916 | D:11     | Found a transporter.
 11916 | D:11     | Found a transporter.
 11916 | D:11     | Found a transporter.
 11917 | D:11     | Found a transporter.
 11917 | D:11     | Noticed a death knight
 11928 | D:11     | Got a scorched ruby amulet
 12111 | D:11     | Identified the amulet "Ganerar" {Acrobat rPois rN+ Dex+4}
                  | (You found it on level 11 of the Dungeon)
 12140 | D:12     | Noticed a two-headed ogre
 12140 | D:12     | Noticed a fire dragon
 12151 | D:11     | Killed a two-headed ogre
 12163 | D:11     | Killed a fire dragon
 12341 | D:12     | Noticed a two-headed ogre
 12353 | D:12     | Killed a two-headed ogre
 12582 | D:12     | Noticed a five-headed hydra
 12593 | D:12     | Killed a one-headed hydra
 12917 | D:12     | Noticed a two-headed ogre
 12920 | D:12     | Reached XP level 12. HP: 99/112 MP: 12/12
 12927 | D:12     | Killed a two-headed ogre
 12969 | D:12     | Reached skill level 10 in Long Blades
 13112 | D:12     | Found Yguisek's Weapon Boutique.
 13112 | D:12     | Noticed a four-headed hydra
 13433 | D:12     | Killed a two-headed hydra
 13433 | D:12     | Reached skill level 10 in Dodging
 13433 | D:12     | Reached skill level 1 in Shields
 13453 | D:12     | Identified the Almanac of the Volcanoes
 13655 | D:12     | Found a staircase to the Orcish Mines.
 13746 | D:12     | Identified a scroll of acquirement
 13856 | D:13     | Found Utetzuc's Gadget Boutique.
 13869 | D:13     | Noticed an eight-headed hydra
 13881 | D:13     | Killed a four-headed hydra
 13946 | D:13     | Found Nanoh's Antique Weapon Emporium.
 14246 | D:13     | Found Huotiod's Food Shop.
 14290 | D:13     | Found a gate to the Vaults.
 14290 | D:13     | Noticed a vault guard
 14290 | D:13     | Noticed a vault guard
 14290 | D:13     | Noticed a vault guard
 14290 | D:13     | Noticed a vault guard
 14341 | D:13     | Noticed Kirke
 14344 | D:13     | You fall through a shaft for 2 floors!
 14344 | D:15     | Entered Level 15 of the Dungeon
 14344 | D:15     | Found a staircase to the Depths.
 14357 | D:15     | Noticed a death knight
 15123 | D:14     | Reached XP level 13. HP: 119/119 MP: 13/13
 15530 | D:14     | Reached skill level 1 in Evocations
 16669 | Lair:1   | Entered Level 1 of the Lair of Beasts
 17382 | Lair:2   | Found a staircase to the Shoals.
 17600 | Lair:2   | Found a hole to the Spider Nest.
 18063 | Lair:3   | Noticed Fannar
 18074 | Lair:3   | Killed Fannar
 18921 | Lair:4   | Reached XP level 14. HP: 93/130 MP: 17/17
 19073 | Lair:4   | Noticed Vuydghur's ghost (adept DrCj)
 19076 | Lair:4   | Found a runed door.
 19142 | Lair:4   | Killed Vuydghur's ghost
 19142 | Lair:4   | Reached skill level 5 in Evocations
 19226 | Lair:4   | Found a runed door.
 19786 | Lair:4   | Noticed an entropy weaver
 19815 | Lair:4   | Killed an entropy weaver
 20110 | Lair:4   | Noticed an entropy weaver
 20124 | Lair:4   | Killed an entropy weaver
 20390 | Lair:4   | Noticed an entropy weaver
 20399 | Lair:4   | Killed an entropy weaver
 20433 | Lair:4   | Noticed an entropy weaver
 20442 | Lair:4   | Killed an entropy weaver
 22114 | Lair:6   | Entered Level 6 of the Lair of Beasts
 22555 | Lair:6   | Found a staircase to the Slime Pits.
 22555 | Lair:6   | Found a viscous altar of Jiyva.
 23010 | Lair:6   | Reached XP level 15. HP: 119/139 MP: 20/20
 23178 | Lair:6   | Got a bone broad axe
 23179 | Lair:6   | Identified the +5 broad axe "Keepujid" {chop, rF+} (You
                  | found it on level 6 of the Lair of Beasts)
 23991 | Orc:1    | Entered Level 1 of the Orcish Mines
 24016 | Orc:1    | Reached skill level 15 in Long Blades
 24549 | Orc:1    | Got a bloodstained trident {elec}
 24551 | Orc:1    | Identified the +7 trident "Jikytt" {elec, rPois rN+} (You
                  | took it off an orc warrior on level 1 of the Orcish Mines)
 24804 | Orc:1    | Noticed a frost giant
 24861 | Orc:1    | Malog: Лол
 24908 | Orc:1    | Malog: он на бабло позарился походу
 24909 | Orc:1    | namelastname112: ща я позарюсь блять
 24909 | Orc:1    | Malog: пиздец
 24909 | Orc:1    | namelastname112: надо было ему высраться
 24909 | Orc:1    | Malog: как он вычислил
 25370 | Orc:1    | Killed a frost giant
 25370 | Orc:1    | Reached skill level 15 in Fighting
 25464 | Orc:1    | Found the +9 staff of Olgreb {rPois}
 25481 | Orc:1    | Malog: чё за ебанутый ваулт с гигантами
 25483 | Orc:1    | Found the +9 staff of Wucad Mu {channel}
 25487 | Orc:1    | Malog: причём о1
 25494 | Orc:1    | Malog: нихуя себе
 25494 | Orc:1    | Malog: вукад му
 25494 | Orc:1    | namelastname112: лол
 25494 | Orc:1    | namelastname112: че хочешь лежит
 25494 | Orc:1    | namelastname112: олгреб
 25494 | Orc:1    | namelastname112: вукад му
 25494 | Orc:1    | namelastname112: охуеть
 25567 | Orc:1    | Malog: отпиздили магов, забрали как трофей
 25575 | Orc:1    | Malog: бля
 25575 | Orc:1    | Malog: Я хочу короче попробовать конжурера хлебушка
 25575 | Orc:1    | namelastname112: ??olgreb
 25575 | Orc:1    | beem: staff of olgreb[1/2]: Evoking it uses 4mp and 50
                  | hunger to cast toxic radiance, *and* an evoc+1 in 20 chance
                  | of venom bolt. Succeeds evoc+1 in 6 times. Confers poison
                  | immunity and enhances poison magic. Poisons in melee.
 25575 | Orc:1    | Malog: Нормально шло, но играю как еблан
 25575 | Orc:1    | Malog: потому что начало ненавижу
 25575 | Orc:1    | Malog: гидра сожрала
 25575 | Orc:1    | namelastname112: лел
 25575 | Orc:1    | namelastname112: ну начало самое сложное
 25575 | Orc:1    | namelastname112: хули
 25604 | Orc:1    | Malog: Заебись шарфик
 25609 | Orc:1    | Malog: хуя ты токсичный
 25653 | Orc:2    | Entered Level 2 of the Orcish Mines
 25704 | Orc:2    | Malog: нормально так разуплотняешь
 25716 | Orc:2    | Found a labyrinth entrance.
 25722 | Lab      | Entered a labyrinth
 25723 | Lab      | Malog: от голода помрёшь в лабиринте
 25723 | Lab      | namelastname112: ну с таким ножиком-то
 25747 | Lab      | Malog: где нашёл?
 25757 | Lab      | namelastname112: купил у кику
 25757 | Lab      | Malog: че
 25757 | Lab      | Malog: это как
 25757 | Lab      | namelastname112: возле алтаря его магаз стоял
 25757 | Lab      | namelastname112: тематический
 25757 | Lab      | Malog: а
 25758 | Lab      | Malog: круто
 25873 | Lab      | Malog: лабиринты стали поизъёбистее
 25988 | Lab      | Malog: ща в сеть пидора
 26203 | Lab      | Malog: заебись сырок пошёл
 26322 | Lab      | Malog: че
 26322 | Lab      | namelastname112: он охуел чтоль
 26322 | Lab      | Malog: АХАХАХАХХАХА
 26322 | Lab      | namelastname112: пидор ебаный
 26322 | Lab      | Malog: АХАХАХХАХАХАХАХАХА
 26322 | Lab      | Malog: БЛЯ
 26322 | Lab      | Malog: ОРУ
 26322 | Lab      | namelastname112: ссыкло блять
 26435 | Orc:2    | Found a staircase to the Elven Halls.
 27135 | Orc:1    | Malog: ??elec
 27139 | Orc:1    | beem: electrocution[1/1]: Weapon brand that causes your
                  | weapon to blast your target with an explosion of sparks on
                  | 1 out of every 3 hits, doing 7+1d13 additional damage
                  | (which ignores AC). Does not work on targets with rElec.
 27151 | Orc:2    | Paralysed by an orc sorcerer for 4 turns
 27165 | Orc:1    | Paralysed by an orc sorcerer for 6 turns
 27168 | Orc:1    | Malog: переобучение электричеством, бля
 27171 | Orc:1    | Malog: перевоспитание
 27172 | Orc:1    | Malog: мутируй
 27639 | Orc:2    | Found Nuajol's Food Boutique.
 27639 | Orc:2    | Found Meckacen's Food Shop.
 27639 | Orc:2    | Found Epnouluc's Antique Armour Shop.
 27644 | Orc:2    | Found Naxki's Magic Scroll Boutique.
 27647 | Orc:2    | Bought a pair of faintly glowing gloves for 304 gold pieces
 27658 | Orc:2    | Identified the +0 pair of gloves of Lugonu's Pride {*Slow
                  | rF+ rN+} (You bought it in a shop on level 2 of the Orcish
                  | Mines)
 28122 | D:15     | Noticed Roxanne
 28146 | D:15     | Killed Roxanne
 28696 | D:15     | Malog: мёд
 28697 | D:15     | Malog: МЁД
 29266 | Elf:1    | Entered Level 1 of the Elven Halls
 29340 | Elf:1    | Found a frozen archway.
 29392 | IceCv    | Entered an ice cave
 29563 | IceCv    | Reached XP level 16. HP: 142/149 MP: 22/22
 29685 | IceCv    | Noticed an Ice Fiend
 29689 | IceCv    | Malog: нихуя себе
 29700 | IceCv    | Killed an Ice Fiend
 29822 | IceCv    | Malog: тупо финд бля
 30135 | Elf:1    | Learned a level 2 spell: Blink
 30247 | Elf:1    | Malog: это чё за нахуй ещё
 30254 | Elf:1    | Malog: чё тут орки делают
 30344 | Elf:1    | namelastname112: тусич
 31958 | Lair:1   | Bought the +2 pair of boots of Qeme {rC+ Str+4} for 701
                  | gold pieces
 32039 | Shoals:1 | Entered Level 1 of the Shoals
 32082 | Shoals:1 | Noticed a kraken
 32698 | Shoals:1 | Killed a kraken
 33447 | Shoals:2 | Noticed Polyphemus
 33463 | Shoals:2 | Reached skill level 10 in Evocations
 33476 | Shoals:2 | Killed Polyphemus
 34664 | Shoals:3 | Malog: че у эльфов нашёл
 34716 | Shoals:3 | namelastname112: не стал чистить пока
 34716 | Shoals:3 | namelastname112: конфузы заебут
 34726 | Shoals:3 | Malog: а что с уворотом
 34726 | Shoals:3 | Malog: скачет
 34750 | Shoals:3 | namelastname112: амулет
 34767 | Shoals:3 | Malog: а
 34819 | Shoals:3 | Noticed Ilsuiw
 34863 | Shoals:3 | Reached XP level 17. HP: 84/158 MP: 24/24
 35032 | Shoals:3 | Noticed a kraken
 35032 | Shoals:3 | Noticed a kraken
 35033 | Shoals:3 | Malog: да эти шоалсы заебывают
 35047 | Shoals:3 | Malog: хотя тут все бранчи ебучие
 35078 | Shoals:3 | Malog: что пауки что болото
 35242 | Shoals:3 | Killed a kraken
 35398 | Shoals:3 | Malog: тупо на шашлык
 35403 | Shoals:3 | Malog: порезал
 35409 | Shoals:3 | Killed a kraken
 35410 | Shoals:3 | Malog: гадит сука
 35415 | Shoals:3 | Malog: боится
 35631 | Shoals:3 | Noticed a kraken
 35644 | Shoals:3 | Killed a kraken
 35853 | Shoals:3 | Noticed a kraken
 35855 | Shoals:3 | Malog: это нормально что их четыре блять?
 35866 | Shoals:3 | Killed a kraken
 35867 | Shoals:3 | namelastname112: ну волт такой походу
 36214 | Shoals:3 | Malog: да ща опять нарвёшься
 36326 | Shoals:3 | Killed Ilsuiw
 36789 | Shoals:4 | Entered Level 4 of the Shoals
 36789 | Shoals:4 | Found Furiho's Assorted Antiques.
 37279 | Shoals:4 | Malog: нихуя себе это что за приколы
 37526 | Shoals:4 | Malog: тебя драконовским оружием что-ли?
 37639 | Shoals:4 | namelastname112: не
 37639 | Shoals:4 | namelastname112: просто дохуя их
 37766 | Shoals:4 | Got a barnacled rune of Zot
 37824 | Shoals:4 | Malog: ща еду съедят нахуй
 38472 | Shoals:4 | Malog: брандируй, нахуй это электричество
 38536 | Shoals:4 | namelastname112: да ты охуел
 39138 | Shoals:4 | Got a steaming scimitar {pain}
 39139 | Shoals:4 | Identified the +6 scimitar of Fokuuge {pain, rPois rC-
                  | Str+4} (You took it off a merfolk impaler on level 4 of the
                  | Shoals)
 39639 | Spider:1 | Entered Level 1 of the Spider Nest
 40349 | Spider:1 | Malog: пауки мне кажется легче стали
 41020 | Spider:2 | Reached XP level 18. HP: 86/170 MP: 26/26
 41478 | Spider:2 | Malog: а мог ваншотнуть лел
 41496 | Spider:2 | Noticed Arachne
 41526 | Spider:2 | Killed Arachne
 41526 | Spider:2 | Reached skill level 5 in Shields
 41834 | Spider:2 | Noticed Azrael
 41836 | Spider:2 | namelastname112: ну я сегодня не стелс посан
 41853 | Spider:2 | Killed Azrael
 42172 | Spider:3 | Malog: да не, тебя павук оод
 42401 | Spider:2 | Malog: пчёлы кажется парализуют
 42410 | Spider:3 | Malog: ??wasp
 42415 | Spider:3 | beem: wasp[1/2]: Terrifying monster that poisons, slows,
                  | and paralyzes you. Rendered mostly impotent by poison
                  | resistance, otherwise quite deadly. A good target for wands
                  | of polymorph, if you lack rPois. Removed in 0.19.
 42511 | Spider:3 | Found a transporter.
 42540 | Spider:3 | Malog: >removed
 42540 | Spider:3 | Malog: че
 42554 | Spider:3 | Malog: а это кто был нахуй
 42566 | Spider:3 | namelastname112: где
 42567 | Spider:3 | Malog: типа пчелы
 42577 | Spider:3 | namelastname112: а
 42577 | Spider:3 | namelastname112: ??hornet
 42577 | Spider:3 | beem: hornet[1/1]: Paralyses on hit, checking rPois.
 42581 | Spider:2 | Malog: ну, та же хуйня, но в профиль
 42868 | Spider:3 | Reached skill level 15 in Dodging
 43206 | Spider:3 | Found a transporter.
 43235 | Spider:3 | Malog: lesserom збс притягивать
 43354 | Spider:3 | Found a runed gate.
 43354 | Spider:3 | Found a runed gate.
 43354 | Spider:3 | Found a runed gate.
 43354 | Spider:3 | Noticed Nr616's ghost (adept MfGl)
 43362 | Spider:3 | Noticed Anypt's ghost (journeyman DsGl)
 43363 | Spider:3 | Noticed Xuacer's ghost (adept GnBe)
 43366 | Spider:3 | Malog: какие-то нонеймы
 43366 | Spider:3 | Malog: ебаш нахуй
 43366 | Spider:3 | namelastname112: ебанись
 43366 | Spider:3 | namelastname112: кладбон нахуй
 43366 | Spider:3 | Malog: чё?
 43366 | Spider:3 | namelastname112: кладбище говорб
 43366 | Spider:3 | Malog: да
 43366 | Spider:3 | namelastname112: три шутки ад
 43366 | Spider:3 | namelastname112: аж
 43366 | Spider:3 | Malog: бывают такие
 43398 | Spider:3 | Killed Nr616's ghost
 43412 | Spider:3 | Killed Xuacer's ghost
 43447 | Spider:3 | Killed Anypt's ghost
 43700 | Spider:3 | namelastname112: ебать там все плохо внутри
 43734 | Spider:3 | Malog: О_О
 43745 | Spider:3 | Malog: ну щас зот хуита
 43765 | Spider:3 | Got an ancient silver amulet
 43768 | Spider:3 | Got a fine brass ring
 43779 | Spider:3 | Got a shimmering ruby amulet
 43821 | Spider:3 | Identified the amulet of Uskayaw's Whim {RegenMP rPois MR+}
                  | (You found it on level 3 of the Spider Nest)
 43822 | Spider:3 | Identified the amulet of Perehoj {*Drain +Rage +Inv rPois}
                  | (You found it on level 3 of the Spider Nest)
 43823 | Spider:3 | Identified the ring of Ykhlamio {rF+ MP+9 Int+3} (You found
                  | it on level 3 of the Spider Nest)
 43828 | Spider:3 | Got a transparent lead ring
 43829 | Spider:3 | Identified the ring of the Ancients {rPois rN+ Dex+3} (You
                  | found it on level 3 of the Spider Nest)
 43848 | Spider:4 | Entered Level 4 of the Spider Nest
 43911 | Spider:4 | Noticed Louise
 43955 | Spider:4 | Killed Louise
 44716 | Spider:4 | Reached XP level 19. HP: 139/179 MP: 1/28
 44732 | Spider:4 | Got a gossamer rune of Zot
 45750 | Elf:2    | Found Modymoej's Magic Scroll Emporium.
 45750 | Elf:2    | Found Atimniqo's Jewellery Shoppe.
 45751 | Elf:2    | Found Uxewot's Armour Emporium.
 45753 | Elf:2    | Found Cuik Dyg's Weapon Shoppe.
 45812 | Elf:2    | Bought a scroll of teleportation for 54 gold pieces
 45812 | Elf:2    | Bought a scroll of blinking for 135 gold pieces
 45812 | Elf:2    | Malog: амулет обжорства
 45826 | Elf:2    | Malog: с гозагом заебись пойдёт
 45881 | Elf:2    | Found a runed gate.
 45881 | Elf:2    | Found a runed gate.
 45882 | Elf:2    | Found a runed gate.
 46074 | Elf:2    | Noticed Nikola
 46092 | Elf:2    | Killed Nikola
 46097 | Elf:2    | Found Zammajak's Jewellery Shoppe.
 46099 | Elf:2    | Malog: НИКООООЛ
 46101 | Elf:2    | Malog: Бля
 46110 | Elf:2    | Malog: О, заебись колечко
 46158 | Elf:2    | namelastname112: потом мб померяю
 46395 | Elf:3    | Entered Level 3 of the Elven Halls
 46403 | Elf:3    | Found Boamibb's Armour Boutique.
 46409 | Elf:3    | Malog: ЧЕ
 46409 | Elf:3    | Malog: ЧЕ БЛЯТЬ
 46409 | Elf:3    | namelastname112: лул
 46409 | Elf:3    | namelastname112: ниче такая клока
 46409 | Elf:3    | namelastname112: жаль не рф+++
 46902 | Elf:3    | Found Askaul's Jewellery Shop.
 46903 | Elf:3    | Found Archofruc's Gadget Shoppe.
 46903 | Elf:3    | Found Kerrudi's Gadget Shoppe.
 47692 | Elf:3    | Got a transparent ruby amulet
 47772 | Elf:3    | Malog: Лел
 47778 | Elf:3    | Malog: Разрушили твою норку
 47780 | Elf:3    | Malog: Меня этим какодемоны бесили нахуй
 47990 | Elf:3    | Malog: опасен
 47991 | Elf:3    | Malog: с цепой ходил
 47992 | Elf:3    | Identified the amulet "Fucam" {RegenMP Str+3 Stlth+} (You
                  | took it off a deep elf demonologist on level 3 of the Elven
                  | Halls)
 48011 | Elf:3    | Malog: откуда у тебя столько маны?
 48036 | Elf:3    | namelastname112: эвоки качаю
 48270 | Elf:3    | Malog: бля
 48295 | Elf:3    | Malog: стелсера хочу
 48307 | Elf:3    | Malog: пойду трайну
 48514 | Elf:3    | Malog: до скольки там стелс имеет смысл качать
 48522 | Elf:3    | Malog: золотая середина
 48524 | Elf:3    | namelastname112: а хуй знает
 48524 | Elf:3    | namelastname112: не шарю в стелсе
 48552 | Elf:3    | Identified Sif Muna's Disquisition on Heat and Evil
 48602 | Elf:3    | Got a pair of pitted gloves
 48604 | Elf:3    | Identified the cursed -1 pair of gloves of Pantheism {rElec
                  | Regen+} (You found it on level 3 of the Elven Halls)
 49016 | D:13     | Killed Kirke
 49166 | Vaults:1 | Entered Level 1 of the Vaults
 49858 | Vaults:1 | Reached XP level 20. HP: 189/189 MP: 30/30
 51667 | Vaults:1 | Found a runed door.
 51667 | Vaults:1 | Found a shimmering altar of Xom.
 51667 | Vaults:1 | Noticed Lagoy's ghost (adept DgWz)
 52331 | Vaults:1 | Reached skill level 10 in Shields
 52525 | Vaults:2 | Found Sehir's Assorted Antiques.
 52542 | Vaults:2 | Found Daibakle's Assorted Antiques.
 52545 | Vaults:2 | Bought a scroll of blinking for 157 gold pieces
 52560 | Vaults:2 | Bought a scroll of acquirement for 1456 gold pieces
 52561 | Vaults:2 | Found the -2 hat of the Alchemist {rElec rPois rF+ rC+ rN+
                  | MR+ rMut rCorr}
 52562 | Vaults:2 | Malog: СУУУУУКА
 52562 | Vaults:2 | Malog: ЛУГОНУ ВСЁ СКОРРАПТИЛА
 52589 | Vaults:2 | Found Voyl's Weapon Shop.
 52597 | Vaults:2 | namelastname112: лул
 52597 | Vaults:2 | namelastname112: темпл в говне?
 53276 | Vaults:2 | Found Xivuxym's Weapon Shop.
 54045 | Vaults:2 | Found Dexkiery's Antique Weapon Emporium.
 54203 | Vaults:2 | Malog: Ага
 54250 | Vaults:2 | Malog: Но ниче нашёл гозага
 54275 | Vaults:2 | Malog: Его хуй вытравишь
 54363 | Vaults:3 | Malog: че
 54363 | Vaults:3 | Malog: это такое
 54363 | Vaults:3 | Malog: Иммолейшен юзай нахуй
 54363 | Vaults:3 | namelastname112: интересная какая дверь
 54363 | Vaults:3 | Malog: По цепочке бомбанут
 54363 | Vaults:3 | namelastname112: нет иммо
 54738 | Vaults:3 | Reached XP level 21. HP: 127/199 MP: 32/32
 55420 | Vaults:3 | Reached skill level 15 in Evocations
 56097 | Vaults:3 | Found a staircase to the Crypt.
 56097 | Vaults:3 | Found a basalt altar of Yredelemnul.
 56097 | Vaults:3 | Found an ancient bone altar of Kikubaaqudgha.
 56296 | Vaults:3 | Found a runed gate.
 56298 | Vaults:3 | Found a runed gate.
 56299 | Vaults:3 | Found a runed gate.
 56301 | Vaults:3 | Noticed Qenoimudgh's ghost (adept FeMo)
 56301 | Vaults:3 | Noticed Bodden's ghost (veteran HuFi)
 56301 | Vaults:3 | Noticed Norchuf's ghost (adept MiFi)
 56318 | Vaults:3 | Malog: >клоак инвиза
 56318 | Vaults:3 | Malog: заебись
 56320 | Vaults:3 | Malog: кошечка
 56373 | Vaults:3 | Killed Bodden's ghost
 56376 | Vaults:3 | Killed Qenoimudgh's ghost
 56396 | Vaults:3 | Killed Norchuf's ghost
 56865 | Vaults:3 | Got a warped marble ring
 56866 | Vaults:3 | Identified the ring of Optu Gai {Fire rN+} (You found it on
                  | level 3 of the Vaults)
 57122 | Vaults:4 | Malog: когда бабло тратить на шопы?
 57122 | Vaults:4 | Malog: ты вот ваще нихуя не тратил
 57159 | Vaults:4 | namelastname112: а мне ниче не надо
 57159 | Vaults:4 | namelastname112: я обычно коплю до орков
 57159 | Vaults:4 | namelastname112: но это такая себе стратегия, как мне
                  | кажется
 58550 | Vaults:4 | Upgraded the game from 0.23-a0-296-ga3b1b28 to
                  | 0.23-a0-299-g9a66eeb
 58550 | Vaults:4 | Malog: ты только дракончиков любишь
 58550 | Vaults:4 | namelastname112: пошли этого угробим теперь
 58550 | Vaults:4 | Malog: АХАХАХАХ
 58550 | Vaults:4 | namelastname112: ну котов люблю еще
 58729 | Depths:1 | Entered Level 1 of the Depths
 59161 | Depths:1 | Reached XP level 22. HP: 196/209 MP: 33/33
 59265 | Depths:1 | Malog: что
 59271 | Depths:1 | Malog: это легкально
 60072 | Depths:1 | Malog: ляг и спрячься у стены
 60077 | Depths:1 | Malog: притворись мёртвым
 60089 | Depths:1 | Malog: Я иногда не понимаю урон этой игры
 60156 | Depths:1 | Malog: вроде всё заебись должно быть
 60156 | Depths:1 | Malog: но нихуя
 60525 | Depths:1 | namelastname112: вот и я не понимаю
 60525 | Depths:1 | namelastname112: иногда с 15 ас хожу в хуй не дую
 60525 | Depths:1 | namelastname112: а иногда с 30 ебут
 60555 | Depths:1 | Found a gateway to Hell.
 60834 | Depths:1 | Found a portal to a secret trove of treasure.
 60842 | Depths:1 | Malog: XD
 60842 | Depths:1 | Malog: че за нахуй ещё
 60842 | Depths:1 | Malog: ??grace
 60842 | Depths:1 | beem: I don't have a page labeled grace in my learndb. Did
                  | you mean: crace, gmace, grape, grate, race.
 60842 | Depths:1 | namelastname112: хз
 60842 | Depths:1 | namelastname112: где-нибудь в магазе лежит наверное
 60842 | Depths:1 | Malog: 0 scale maile?
 60843 | Lair:1   | Malog: вон артефактные
 61043 | Lair:1   | Malog: есть
 61043 | Lair:1   | Bought the +6 scale mail of Grace {+Inv Str+4} for 1071
                  | gold pieces
 61084 | D:10     | Malog: мммммм
 61088 | D:10     | Malog: давно в тровах не был
 61240 | Depths:1 | You paid a toll of the scale mail of Grace to enter a
                  | treasure trove
 61241 | Trove    | Entered a treasure trove
 61251 | Trove    | Got a pair of slimy gloves
 61252 | Trove    | Malog: чёт шапок дохуя
 61262 | Trove    | Identified the +2 pair of gloves "Fekly" {rPois} (You found
                  | it in a treasure trove)
 61266 | Trove    | Got a transparent hat
 61277 | Trove    | Identified the -1 hat of Voytiate {*Corrode rC+ Dex+2
                  | Stlth+} (You found it in a treasure trove)
 61284 | Trove    | Got a scorched cloak
 61295 | Trove    | Identified the +0 cloak of Jiumoa {rElec} (You found it in
                  | a treasure trove)
 61315 | Trove    | Got a pair of bloodstained boots
 61326 | Trove    | Identified the +0 pair of boots of Enih {*Drain rC+ Dex+5}
                  | (You found it in a treasure trove)
 61326 | Trove    | Malog: да что такое
 61326 | Trove    | Malog: доебали эти охуительные артефакты
 61338 | Trove    | Got a transparent hat
 61344 | Trove    | Identified the +0 hat of Xuoxy {rN+ Str+3 Stlth+} (You
                  | found it in a treasure trove)
 61357 | Trove    | Got a steaming large shield
 61368 | Trove    | Identified the +0 large shield of Responsibility {MR+ Str+3
                  | SInv} (You found it in a treasure trove)
 61484 | Depths:1 | namelastname112: ну и моча
 61487 | Depths:2 | Malog: че
 61488 | Depths:2 | Malog: визлаб чтоли нахуй
 61611 | Depths:2 | Found a magical portal.
 61618 | WizLab   | Entered The Chambers of the Cloud Mage
 61716 | WizLab   | Malog: реально
 62036 | WizLab   | Malog: ты не психуй
 62041 | WizLab   | Malog: ну попалось говно ну бывает
 62103 | WizLab   | Malog: щас убьют
 62556 | WizLab   | Malog: ))
 62556 | WizLab   | namelastname112: интересная экипировка
 62639 | WizLab   | Malog: кек
 62667 | WizLab   | Malog: пиздец он псих конечно
 63135 | WizLab   | Identified the Catalogue of Feathers
 63147 | WizLab   | Got a transparent golden ring
 63156 | WizLab   | Identified the ring "Vargh" {+Fly SInv} (You found it in a
                  | wizard's laboratory)
 63159 | WizLab   | Got a clouded lead ring
 63160 | WizLab   | Identified the ring of Suogont {*Drain +Fly rElec MR+
                  | Int+4} (You found it in a wizard's laboratory)
 63250 | Depths:2 | Malog: охуительный лут сегодня
 63648 | Depths:2 | Found a glowing golden altar of the Shining One.
 63751 | Depths:2 | Found a one-way gate to the infinite horrors of the Abyss.
 63787 | Depths:2 | Reached XP level 23. HP: 217/217 MP: 35/35
 64072 | Depths:2 | Paralysed by a floating eye for 3 turns
 64320 | Depths:2 | Found a one-way gate leading to the halls of Pandemonium.
 64336 | Depths:2 | Gained mutation: You are frail. (-10% HP) [a neqoxec]
 65131 | Depths:3 | Malog: зато
 65166 | Depths:3 | Malog: дракониан может кушать персики
 65398 | Depths:3 | Found a runed gate.
 65398 | Depths:3 | Found a runed gate.
 65398 | Depths:3 | Found a runed gate.
 65457 | Depths:3 | Noticed a juggernaut
 65496 | Depths:3 | Found a runed gate.
 65496 | Depths:3 | Found a runed gate.
 65496 | Depths:3 | Found a runed gate.
 65853 | Depths:3 | namelastname112: хуй я открою ту дверь
 65952 | Depths:3 | Malog: да ладно выпусти да перебей по одному
 66076 | Depths:3 | namelastname112: в пизду их
 66188 | Depths:3 | Malog: интересно
 66191 | Depths:3 | namelastname112: гозаг бля
 66191 | Depths:3 | namelastname112: иди нахуй
 66191 | Depths:3 | namelastname112: пидор
 66193 | Depths:3 | Malog: блинк возьми
 66196 | Depths:3 | Bought a scroll of blinking for 277 gold pieces
 66200 | Depths:4 | Malog: хуя он дорогой конечно
 66274 | Depths:4 | Malog: а че по магии у нас
 66364 | Depths:4 | Reached XP level 24. HP: 125/203 MP: 35/35
 67197 | Depths:4 | Malog: какая красивая моделька
 67255 | Depths:4 | Malog: демон блейда
 67392 | Depths:4 | Found a runed gate.
 67393 | Depths:4 | Found a runed gate.
 67393 | Depths:4 | Found a runed gate.
 67395 | Depths:4 | Noticed Vifoseveff's ghost (veteran GnEE)
 67414 | Depths:4 | Malog: как ситховский меч
 67840 | Depths:4 | Malog: ))))))))))
 67874 | Depths:5 | Entered Level 5 of the Depths
 67908 | Depths:5 | Malog: игра издевается над дракончиками
 67945 | Depths:5 | Got a pair of fine boots
 67946 | Depths:5 | Identified the +0 pair of boots of Kulag {Dex+4 Slay-5}
                  | (You acquired it on level 5 of the Depths)
 67971 | Depths:5 | Malog: бери
 67980 | Depths:5 | Malog: fine boots написано
 67991 | Depths:5 | Malog: значит хорошие
 68099 | Depths:5 | Noticed Mennas
 68113 | Depths:5 | Malog: опа
 68131 | Depths:5 | Found a gate to the Realm of Zot.
 68507 | Depths:5 | Malog: выбрались
 68534 | Depths:5 | Malog: пиздец конечно
 68559 | Depths:5 | Malog: интересная игра
 68567 | Depths:5 | Found a gateway to a ziggurat.
 68651 | Depths:5 | HP: 8/205 [Mennas/sacred scourge of holy wrath (25)]
 68652 | Depths:5 | Slain by Mennas

Vault maps used:
D:1:      dpeg_arrival_simpleton_c, hangedman_decor_clover_reticule
D:2:      nicolae_overflow_crystal_walls, uniq_natasha
D:3:      grunt_dithmenos_smoke, uniq_jessica, uniq_ijyb
D:4:      first_ration, hangedman_decor_push
D:5:      kennysheep_mini_moat, tgw_fedhas
D:6:      lemuel_coloured_pillars_altar, okawaru_ov_weapons_minmay,
          minmay_temple_entry_butterflies, gammafunk_ghost_nasty_kobolds,
          uniq_blork_the_orc
D:7:      trog_eyes_of_draining, grunt_qazlal_sundering
D:8:      marbit_many_paths, basic_altar, uniq_erica
D:9:      lemuel_doored_altar, grunt_lair_entry_orc_guard_hut, serial_shops,
          shop, hangedman_little_slice_of_home
D:10:     hangedman_abyss_or_decor_stabs, nicolae_evil_shop
D:11:     gammafunk_the_bubble, basic_altar, biasface_ghost_orc_armoury,
          grunt_ministairs_1
D:12:     erik_orc_2, serial_shops, shop_fountains, abandoned_shop
D:13:     lightli_vaults_fourway_checkpoint, serial_shops,
          nicolae_shop_statue_plus, nicolae_shop_trees, shop_fountains,
          spider_trap, uniq_kirke
D:14:     minmay_holes
D:15:     gammafunk_depths_entry_grave, minmay_misc_feat_more_columns,
          uniq_roxanne
Lair:1:   lemuel_fruit_fields, infiniplex_staircase_pool
Lair:2:   shoals_dummy_entry, nicolae_spider_entry_tight_spaces
Lair:3:   uniq_fannar
Lair:4:   gammafunk_mikee_crab_dinner, hellmonk_ghost_happy_afterlife
Lair:6:   due_jungle_book, slime_altar_1
Shoals:2: uniq_polyphemus
Shoals:3: nicolae_shoals_kraken_party, uniq_ilsuiw
Shoals:4: shoals_end_grunt_ice, serial_shops, nicolae_shop_crystal,
          yaktaur_hedge
Spider:2: uniq_arachne, uniq_azrael
Spider:3: gammafunk_its_a_trap, gammafunk_ghost_cemetery, spider_trap
Spider:4: spider_rune_water, nicolae_crawler_farm, uniq_louise
Orc:1:    giant_chief_lemuel
Orc:2:    st_orc_mages, lab_entry_generic, roderic_batcave
Elf:1:    portal_ice_cave_entry_pillars_2, orc_legates
Elf:2:    serial_shops, nicolae_shop_waterfront, minmay_shoptagon, uniq_nikola
Elf:3:    elf_hall, serial_shops, shop_fountains, minmay_shop_grove
Vaults:1: ebering_vaults_ghost_xom, v_misc_5, v_alt_pattern_6,
          ontoclasm_vaults_twist, vaults_mumra_hex, vaults_room_guarded_vault,
          ontoclasm_vaults_ligature
Vaults:2: hangedman_vaults_river_flow, st_hourglassy, nicolae_vaults_little_ls,
          nicolae_vaults_little_squares_3, ontoclasm_vaults_idyll,
          hangedman_vaults_stagger, nicolae_vaults_asterisk,
          ontoclasm_vaults_idyll, nicolae_vaults_little_squares_4, v_misc_3,
          vaults_dpeg_hooks, serial_shops, shop, shop_statue,
          nicolae_shop_waterfront, nicolae_shop_behind_doors, shop
Vaults:3: gammafunk_vaults_ghost_cemetery, special_room_vaults,
          minmay_crypt_entry_necro_gods, nicolae_vaults_bisected_exclaves,
          ontoclasm_vaults_claustrophobia, nicolae_vaults_shelves_hall,
          ontoclasm_vaults_ring_large, vaults_mumra_chevron,
          nicolae_vaults_network_quinsquares, ontoclasm_vaults_gateway,
          nicolae_vaults_little_squares_1, vaults_mumra_lcd, vaults_dpeg_spiral
Vaults:4: vaults_mumra_bighexcomb, nicolae_vaults_big_ls, vaults_dpeg_doors,
          ontoclasm_vaults_bender, vaults_room_grunt_arrival_checkpoint,
          vaults_room_grunt_arrival_ludios, vaults_room_stairs_pillars,
          nicolae_vaults_little_squares_4, nicolae_vaults_sealed_display,
          nicolae_vaults_ring_of_whatevers, vaults_room_grid,
          nicolae_vaults_little_squares_2, grunt_vaults_twisty
Depths:1: minmay_the_grid_octo_tiled_octocenter_mashed,
          nicolae_trove_entry_crystal, hell_entry, minivault_16,
          lemuel_flamethrower_3
Depths:2: abrahamwl_protected_by_tso_2, nicolae_abyss_entry_one_way_or_another,
          mu_enter_wizlab_7, nicolae_benzene_ring, hell_entry,
          rand_demon_pan_entry_9, kennysheep_generic_room_2
Depths:3: kennysheep_treasure_stockpile, minmay_crystal_water,
          rand_demon_pan_entry_5, hell_entry
Depths:4: kennysheep_room_grid, minmay_crystal_room, ebering_ghost_rock_garden,
          abyss_entry, hangedman_coc_ice_floe
Depths:5: evilmike_zot_entry_round, enter_ziggurat_d, rand_demon_pan_entry_4,
          pf_vacation_house_of_asmodeus, kennysheep_doodads,
          infiniplex_staircase_pool_lava, uniq_mennas
Lab:      labyrinth_watery, nicolae_lab_grate_2, nicolae_lab_dead_end
Trove:    trove_armour_2
IceCv:    ice_cave_tombish
WizLab:   wizlab_cloud

Skill      XL: |  1  2  3  4  5  6  7  8  9 10 11 12 13 14 15 16 17 18 19 20 21 22 23 24 |
---------------+-------------------------------------------------------------------------+-----
Dodging        | 1 2 3 4 6 7 8 9 10 11 12 13 14 15 16 17 18 | 18.3
Fighting       | 4 5 6 8 9 10 11 12 13 14 15 16 17 18 19 20 21 | 21.3
Axes           | 6 7 8 9 |  9.8
Long Blades    | 6 9 11 13 14 16 17 18 19 20 21 | 21.3
Shields        | 4 7 9 10 12 13 14 | 14.1
Evocations     | 4 7 8 10 11 12 13 14 15 16 17 | 17.0
Stealth        | |  1.7

Action                   |  1- 3 |  4- 6 |  7- 9 | 10-12 | 13-15 | 16-18 | 19-21 | 22-24 || total
-------------------------+-------+-------+-------+-------+-------+-------+-------+-------++-------
Melee: Hand axe          |    76 |   207 |   226 |       |       |       |       |       ||   509
       Tailslap          |     5 |    19 |    35 |   109 |   258 |   394 |   364 |   263 ||  1447
       Unarmed           |       |     6 |    14 |       |       |       |       |       ||    20
       Short sword       |       |       |   101 |       |       |       |       |       ||   101
       Scimitar          |       |       |     3 |   171 |    21 |       |       |       ||   195
       Demon blade       |       |       |       |   516 |  1340 |  1708 |  1921 |  1220 ||  6705
Throw: Throwing net      |       |       |       |       |     1 |     3 |       |     5 ||     9
Invok: Potion Petition   |       |     1 |       |     1 |     2 |     1 |     1 |     6 ||    12
       Call Merchant     |       |       |     1 |       |       |     5 |       |     3 ||     9
Evoke: Wand              |       |       |     3 |       |     5 |     6 |     5 |     4 ||    23
       Staff of Olgreb   |       |       |       |       |     2 |       |       |       ||     2
       Lamp of fire      |       |       |       |       |       |     2 |     3 |     1 ||     6
       Lightning rod     |       |       |       |       |       |     5 |     4 |       ||     9
       Box of beasts     |       |       |       |       |       |     2 |       |       ||     2
  Use: Scroll            |       |       |    14 |    13 |    16 |    14 |    13 |    15 ||    85
       Potion            |       |       |     4 |     1 |     5 |     9 |     3 |     5 ||    27
 Stab: Sleeping          |     4 |     1 |     1 |     3 |     5 |     5 |     3 |     5 ||    27
       Confused          |       |       |     1 |       |       |       |       |       ||     1
       Distracted        |       |       |       |     4 |    12 |    12 |    11 |     5 ||    44
       Held in net/web   |       |       |       |       |     2 |     6 |       |       ||     8
       Petrified         |       |       |       |       |       |     2 |       |       ||     2
       Invisible         |       |       |       |       |       |     6 |       |       ||     6
  Eat: Ration            |       |     3 |     5 |     8 |    14 |    15 |    14 |    10 ||    69
       Chunk             |       |     1 |       |       |       |       |       |       ||     1
Armor: Skin              |    27 |    50 |   126 |   203 |   310 |   465 |   347 |   281 ||  1809
Dodge: Dodged            |    39 |   121 |   284 |   654 |   838 |  1505 |   895 |   729 ||  5065
Block: Buckler           |       |       |       |    59 |   237 |   381 |   163 |       ||   840
       Shield            |       |       |       |       |       |       |   442 |   571 ||  1013
       Rpst.: Scimitar   |       |       |     1 |    46 |     3 |       |       |       ||    50
       Demon blade       |       |       |       |   110 |   177 |   328 |   186 |   119 ||   920

Table legend:
 A = Non-vault XP
 B = Vault XP
 C = Vault XP percentage of total XP
 D = Non-vault monster count
 E = Vault monster count
 F = Vault count percentage of total count
                 A         B        C        D         E       F
            +---------+---------+-------+---------+---------+-------
      Total |  520171 |  399333 |  43.4 |    1279 |     609 |  32.3
            +---------+---------+-------+---------+---------+-------
        D:1 |      59 |       0 |   0.0 |      29 |       0 |   0.0
        D:2 |     190 |      35 |  15.6 |      26 |       1 |   3.7
        D:3 |      74 |      72 |  49.3 |      17 |       2 |  10.5
        D:4 |      57 |       0 |   0.0 |       3 |       0 |   0.0
        D:5 |     236 |       0 |   0.0 |      12 |       0 |   0.0
        D:6 |     865 |    1735 |  66.7 |      16 |      11 |  40.7
        D:7 |     915 |     233 |  20.3 |      21 |       4 |  16.0
        D:8 |     639 |     902 |  58.5 |      12 |       1 |   7.7
        D:9 |    1359 |     705 |  34.2 |      14 |      13 |  48.1
       D:10 |    2891 |       0 |   0.0 |      25 |       0 |   0.0
       D:11 |    6506 |    1830 |  22.0 |      33 |      17 |  34.0
       D:12 |    6926 |     704 |   9.2 |      37 |      21 |  36.2
       D:13 |    6119 |    8174 |  57.2 |      28 |      14 |  33.3
       D:14 |    9833 |       0 |   0.0 |      39 |       0 |   0.0
       D:15 |    7948 |    6884 |  46.4 |      23 |       9 |  28.1
     Lair:1 |    1772 |       0 |   0.0 |       9 |       0 |   0.0
     Lair:2 |    3662 |    2173 |  37.2 |      23 |       8 |  25.8
     Lair:3 |    4950 |    1038 |  17.3 |      21 |       1 |   4.5
     Lair:4 |    6119 |   15522 |  71.7 |      23 |      15 |  39.5
     Lair:5 |   10408 |       0 |   0.0 |      33 |       0 |   0.0
     Lair:6 |   13138 |    2837 |  17.8 |      25 |       5 |  16.7
   Shoals:1 |    8543 |       0 |   0.0 |      15 |       0 |   0.0
   Shoals:2 |    8151 |    6780 |  45.4 |      16 |       6 |  27.3
   Shoals:3 |   10351 |   13968 |  57.4 |      24 |       9 |  27.3
   Shoals:4 |    4993 |   27867 |  84.8 |      11 |      39 |  78.0
   Spider:1 |   17889 |       0 |   0.0 |      53 |       0 |   0.0
   Spider:2 |   26665 |    5368 |  16.8 |      79 |       7 |   8.1
   Spider:3 |   19558 |   10297 |  34.5 |      55 |      10 |  15.4
   Spider:4 |    8224 |   26763 |  76.5 |      27 |      47 |  63.5
      Orc:1 |    1630 |   16201 |  90.9 |      20 |      35 |  63.6
      Orc:2 |    1624 |    3717 |  69.6 |      31 |      46 |  59.7
      Elf:1 |   16725 |    9941 |  37.3 |      27 |      21 |  43.8
      Elf:2 |   11313 |    6261 |  35.6 |      22 |       6 |  21.4
      Elf:3 |   23083 |   38196 |  62.3 |      32 |      25 |  43.9
   Vaults:1 |   38046 |   19629 |  34.0 |      78 |      25 |  24.3
   Vaults:2 |   22547 |   22391 |  49.8 |      35 |      25 |  41.7
   Vaults:3 |   49247 |   24015 |  32.8 |      74 |      36 |  32.7
   Vaults:4 |   24192 |   30307 |  55.6 |      38 |      34 |  47.2
   Depths:1 |   26967 |   24626 |  47.7 |      37 |      24 |  39.3
   Depths:2 |   19237 |    6793 |  26.1 |      19 |       8 |  29.6
   Depths:3 |   29857 |   15607 |  34.3 |      39 |      18 |  31.6
   Depths:4 |   51295 |   16333 |  24.2 |      62 |      12 |  16.2
   Depths:5 |   15368 |       0 |   0.0 |      16 |       0 |   0.0
      IceCv |       0 |   10544 | 100.0 |       0 |      26 | 100.0
     WizLab |       0 |   20885 | 100.0 |       0 |      28 | 100.0
            +---------+---------+-------+---------+---------+-------
